TOP OF THE 1ST |
Santa Anna Dukes batting - Pitching for Clearwater Crab People : RHP Jeffery Price
|
Pitching: RHP Jeffery Price
|
|
Batting: RHB Julián García
|
0-0: Ball 1-0: Called Strike 1-1: Ball 2-1: Ground out 4-3 (Groundball, 4S)
|
Batting: RHB Jon Hinton
|
0-0: Called Strike 0-1: Foul Ball, location: 2F 0-2: Strikes out swinging
|
Batting: LHB Luis Miguel Martínez
|
0-0: Called Strike 0-1: Called Strike 0-2: Ball 1-2: Ball 2-2: SINGLE (Flyball, 89M)
|
Batting: LHB Xavier Carrillo
|
0-0: Called Strike 0-1: SINGLE (Groundball, 4MD) Luis Miguel Martínez to second Runner from 2nd tries for 3rd, SAFE, throw made to third
|
Batting: RHB Greg Huggins
|
0-0: Ball Xavier Carrillo steals 2nd base 1-0: Ball 2-0: Called Strike 2-1: Ball 3-1: Base on Balls
|
Batting: RHB Chris Marshall
|
0-0: Ball 1-0: Swinging Strike 1-1: Called Strike 1-2: Ground out 6-3 (Groundball, 6MS)
|
Top of the 1st over - 0 runs, 2 hits, 0 errors, 3 left on base; Santa Anna 0 - Clearwater 0 |
BOTTOM OF THE 1ST |
Clearwater Crab People batting - Pitching for Santa Anna Dukes : LHP Omero Luciani
|
Pitching: LHP Omero Luciani
|
|
Batting: RHB Gerald Hayes
|
0-0: Called Strike 0-1: SINGLE (Flyball, 8RS)
|
Batting: RHB Derrek Lane
|
0-0: Ball 1-0: Foul Ball, location: 2F 1-1: Ball 2-1: Ball 3-1: Grounds into double play, 6-4-3 (Groundball, 6M)
|
Batting: RHB Lee Kitchener
|
0-0: Fly out, F9 (Flyball, 9LDF)
|
Bottom of the 1st over - 0 runs, 1 hit, 0 errors, 0 left on base; Santa Anna 0 - Clearwater 0 |
TOP OF THE 2ND |
Santa Anna Dukes batting - Pitching for Clearwater Crab People : RHP Jeffery Price
|
Batting: RHB Eric Hillman
|
0-0: Fly out, F3 (Line Drive, 3)
|
Batting: RHB José Germán
|
0-0: Called Strike 0-1: Ball 1-1: Called Strike 1-2: Strikes out looking
|
Batting: RHB Bob Vaughn
|
0-0: Ball 1-0: Swinging Strike 1-1: Ball 2-1: DOUBLE (Line Drive, 89XD)
|
Batting: RHB Julián García
|
0-0: Ball 1-0: Ground out 6-3 (Groundball, 6)
|
Top of the 2nd over - 0 runs, 1 hit, 0 errors, 1 left on base; Santa Anna 0 - Clearwater 0 |
BOTTOM OF THE 2ND |
Clearwater Crab People batting - Pitching for Santa Anna Dukes : LHP Omero Luciani
|
Batting: RHB Terry Davis
|
0-0: Called Strike 0-1: Ball 1-1: Foul Ball, location: 2F 1-2: Ground out 5-3 (Groundball, 56S)
|
Batting: LHB Carl Coffman
|
0-0: Ball 1-0: Ball 2-0: Called Strike 2-1: Ball 3-1: Fly out, F7 (Flyball, 78D)
|
Batting: RHB Brandon Davis
|
0-0: Foul Ball, location: 2F 0-1: Called Strike 0-2: Strikes out swinging
|
Bottom of the 2nd over - 0 runs, 0 hits, 0 errors, 0 left on base; Santa Anna 0 - Clearwater 0 |
TOP OF THE 3RD |
Santa Anna Dukes batting - Pitching for Clearwater Crab People : RHP Jeffery Price
|
Batting: RHB Jon Hinton
|
0-0: Ball 1-0: Ball 2-0: Foul Ball, location: 2F 2-1: Foul Ball, location: 2F 2-2: Strikes out swinging
|
Batting: LHB Luis Miguel Martínez
|
0-0: Called Strike 0-1: Foul Ball, location: 2F 0-2: Ground out U3 (Groundball, 34)
|
Batting: LHB Xavier Carrillo
|
0-0: Fly out, F7 (Flyball, 7D)
|
Top of the 3rd over - 0 runs, 0 hits, 0 errors, 0 left on base; Santa Anna 0 - Clearwater 0 |
BOTTOM OF THE 3RD |
Clearwater Crab People batting - Pitching for Santa Anna Dukes : LHP Omero Luciani
|
Batting: RHB Karl Stone
|
0-0: Called Strike 0-1: Ball 1-1: Ball 2-1: Foul Ball, location: 2F 2-2: Ball 3-2: Foul Ball, location: 2F 3-2: Strikes out swinging
|
Batting: RHB Juan Carlos Cruz
|
0-0: Foul Ball, location: 2F 0-1: Ball 1-1: Ball 2-1: Called Strike 2-2: Strikes out swinging
|
Batting: RHB Bud Manning
|
0-0: Foul Ball, location: 2F 0-1: Foul Ball, location: 2F 0-2: Foul Ball, location: 2F 0-2: Ball 1-2: Ball 2-2: Strikes out swinging
|
Bottom of the 3rd over - 0 runs, 0 hits, 0 errors, 0 left on base; Santa Anna 0 - Clearwater 0 |
TOP OF THE 4TH |
Santa Anna Dukes batting - Pitching for Clearwater Crab People : RHP Jeffery Price
|
Batting: RHB Greg Huggins
|
0-0: Swinging Strike 0-1: Called Strike 0-2: Foul Ball, location: 2F 0-2: Strikes out swinging
|
Batting: RHB Chris Marshall
|
0-0: Called Strike 0-1: SOLO HOME RUN (Flyball, 89D), Distance : 430 ft
|
Batting: RHB Eric Hillman
|
0-0: Ground out 6-3 (Groundball, 6)
|
Batting: RHB José Germán
|
0-0: Foul Ball, location: 2F 0-1: Ball 1-1: Ball 2-1: Ball 3-1: Called Strike 3-2: Foul Ball, location: 2F 3-2: Base on Balls
|
Batting: RHB Bob Vaughn
|
0-0: Foul Ball, location: 2F 0-1: Ball 1-1: Ball José Germán steals 2nd base 2-1: Foul Ball, location: 2F 2-2: Ball 3-2: Base on Balls
|
Batting: RHB Julián García
|
0-0: Ball 1-0: Foul Ball, location: 2F 1-1: Ball 2-1: Fly out, F8 (Flyball, 89D)
|
Top of the 4th over - 1 run, 1 hit, 0 errors, 2 left on base; Santa Anna 1 - Clearwater 0 |
BOTTOM OF THE 4TH |
Clearwater Crab People batting - Pitching for Santa Anna Dukes : LHP Omero Luciani
|
Batting: RHB Gerald Hayes
|
0-0: Called Strike 0-1: Ball 1-1: Ball 2-1: Fly out, F8 (Flyball, 8LM)
|
Batting: RHB Derrek Lane
|
0-0: Ball 1-0: Called Strike 1-1: SINGLE (Line Drive, 7LS)
|
Batting: RHB Lee Kitchener
|
0-0: Called Strike 0-1: Ball 1-1: DOUBLE (Flyball, 8RXD) Derrek Lane to third Runner from 3rd tries for Home, SAFE, no throw
|
Batting: RHB Terry Davis
|
0-0: Ground out 6-3 (Groundball, 6)
|
Batting: LHB Carl Coffman
|
0-0: Ball 1-0: Called Strike 1-1: Ground out 1-3 (Groundball, 15S)
|
Bottom of the 4th over - 1 run, 2 hits, 0 errors, 1 left on base; Santa Anna 1 - Clearwater 1 |
TOP OF THE 5TH |
Santa Anna Dukes batting - Pitching for Clearwater Crab People : RHP Jeffery Price
|
Batting: RHB Jon Hinton
|
0-0: Ball 1-0: SINGLE (Groundball, 15) (infield hit)
|
Batting: LHB Luis Miguel Martínez
|
0-0: Ball 1-0: Called Strike 1-1: Ball 2-1: SINGLE (Groundball, 4MD) Jon Hinton to second Runner from 2nd tries for 3rd, OUT! Luis Miguel Martínez to second
|
Now in CF: Bill Cross
|
|
Batting: LHB Xavier Carrillo
|
0-0: Ball 1-0: Called Strike 1-1: Swinging Strike 1-2: SINGLE (Groundball, 4MD) Luis Miguel Martínez to third Runner from 3rd tries for Home, SAFE, no throw
|
Batting: RHB Greg Huggins
|
0-0: Ball Xavier Carrillo steals 2nd base 1-0: Ball 2-0: SINGLE (Groundball, 6D) Xavier Carrillo to third Runner from 3rd tries for Home, SAFE, throw made home Greg Huggins to second
|
Batting: RHB Chris Marshall
|
0-0: Ball Passed Ball! Greg Huggins to third 1-0: Foul Ball, location: 2F 1-1: Foul Ball, location: 2F 1-2: SINGLE (Groundball, 6M) Greg Huggins scores
|
Batting: RHB Eric Hillman
|
0-0: Swinging Strike 0-1: Ball Chris Marshall is caught stealing 2nd base 1-1: Ground out 6-3 (Groundball, 6)
|
Top of the 5th over - 3 runs, 5 hits, 0 errors, 0 left on base; Santa Anna 4 - Clearwater 1 |
BOTTOM OF THE 5TH |
Clearwater Crab People batting - Pitching for Santa Anna Dukes : LHP Omero Luciani
|
Batting: RHB Brandon Davis
|
0-0: Ball 1-0: Ball 2-0: Ball 3-0: Base on Balls
|
Batting: RHB Karl Stone
|
0-0: Ball Wild Pitch! Brandon Davis to second 1-0: Swinging Strike 1-1: Swinging Strike 1-2: Ball 2-2: Ball 3-2: Base on Balls
|
Batting: RHB Juan Carlos Cruz
|
0-0: SINGLE (Line Drive, 6MD) Brandon Davis to third Karl Stone to second Runner from 3rd tries for Home, SAFE, no throw
|
Batting: RHB Bud Manning
|
0-0: Ball 1-0: Called Strike 1-1: Swinging Strike 1-2: Foul Ball, location: 2F 1-2: Ball 2-2: Ball 3-2: Strikes out looking
|
Batting: RHB Gerald Hayes
|
0-0: Ball 1-0: Ball 2-0: Ball 3-0: Called Strike 3-1: Foul Ball, location: 2F 3-2: Foul Ball, location: 2F 3-2: Base on Balls Karl Stone to third Juan Carlos Cruz to second
|
Batting: RHB Bill Cross
|
0-0: DOUBLE (Flyball, 89D) Karl Stone scores Juan Carlos Cruz scores Gerald Hayes to third Runner from 3rd tries for Home, SAFE, no throw
|
Batting: RHB Lee Kitchener
|
0-0: Foul Ball, location: 2F 0-1: Called Strike 0-2: Reached via error on a dropped throw, E3 Bill Cross to third
|
Batting: RHB Terry Davis
|
0-0: Ball 1-0: 3-RUN HOME RUN (Flyball, 7D), Distance : 412 ft
|
Batting: LHB Carl Coffman
|
0-0: Called Strike 0-1: Ball 1-1: Ball 2-1: Ball 3-1: Foul Ball, location: 2F 3-2: Strikes out looking
|
Batting: RHB Brandon Davis
|
0-0: Foul Ball, location: 2F 0-1: Fly out, F7 (Flyball, 7S)
|
Bottom of the 5th over - 7 runs, 3 hits, 1 error, 0 left on base; Santa Anna 4 - Clearwater 8 |
TOP OF THE 6TH |
Santa Anna Dukes batting - Pitching for Clearwater Crab People : RHP Jeffery Price
|
Batting: RHB José Germán
|
0-0: Fly out, F6 (Line Drive, 56)
|
Batting: RHB Bob Vaughn
|
0-0: Ground out 5-3 (Groundball, 56)
|
Batting: RHB Julián García
|
0-0: Called Strike 0-1: Fly out, F7 (Flyball, 78M)
|
Top of the 6th over - 0 runs, 0 hits, 0 errors, 0 left on base; Santa Anna 4 - Clearwater 8 |
BOTTOM OF THE 6TH |
Clearwater Crab People batting - Pitching for Santa Anna Dukes : LHP Omero Luciani
|
Pitching: RHP Tony Morán
|
|
Batting: RHB Karl Stone
|
0-0: Ball 1-0: Swinging Strike 1-1: Ball 2-1: Ball 3-1: Base on Balls
|
Batting: RHB Juan Carlos Cruz
|
0-0: Foul Ball, location: 2F 0-1: Fly out, F9 (Flyball, 9D)
|
Batting: RHB Bud Manning
|
0-0: Called Strike 0-1: Called Strike 0-2: Foul Ball, location: 2F 0-2: Ball 1-2: Strikes out looking
|
Batting: RHB Gerald Hayes
|
0-0: Ball 1-0: Swinging Strike 1-1: Swinging Strike 1-2: Ball 2-2: Foul Ball, location: 2F 2-2: Foul Ball, location: 2F 2-2: Ball 3-2: Strikes out swinging
|
Bottom of the 6th over - 0 runs, 0 hits, 0 errors, 1 left on base; Santa Anna 4 - Clearwater 8 |
TOP OF THE 7TH |
Santa Anna Dukes batting - Pitching for Clearwater Crab People : RHP Jeffery Price
|
Batting: RHB Jon Hinton
|
0-0: Called Strike 0-1: Fly out, F8 (Flyball, 8RM)
|
Batting: LHB Luis Miguel Martínez
|
0-0: Ball 1-0: SINGLE (Groundball, 4D)
|
Batting: LHB Xavier Carrillo
|
0-0: Called Strike 0-1: Ball 1-1: SINGLE (Flyball, 7LM) Luis Miguel Martínez to second
|
Pitching: RHP Bobby Brooks
|
|
Batting: RHB Greg Huggins
|
0-0: Ball 1-0: Ball Throwing error on steal attempt, E2 Luis Miguel Martínez scores Xavier Carrillo to third 2-0: Called Strike 2-1: Fly out, F9 (Flyball, 9LSF) Runner from 3rd tags up, SCORES, no throw
|
Batting: RHB Chris Marshall
|
0-0: Fly out, F9 (Line Drive, 9)
|
Top of the 7th over - 2 runs, 2 hits, 1 error, 0 left on base; Santa Anna 6 - Clearwater 8 |
BOTTOM OF THE 7TH |
Clearwater Crab People batting - Pitching for Santa Anna Dukes : RHP Tony Morán
|
Batting: RHB Bill Cross
|
0-0: Ball 1-0: Swinging Strike 1-1: Foul Ball, location: 2F 1-2: Strikes out looking
|
Batting: RHB Lee Kitchener
|
0-0: Called Strike 0-1: Ball 1-1: Called Strike 1-2: Foul Ball, location: 2F 1-2: Ball 2-2: Ball 3-2: Foul Ball, location: 2F 3-2: Foul Ball, location: 2F 3-2: Foul Ball, location: 2F 3-2: Ground out 5-3 (Groundball, 5)
|
Batting: RHB Terry Davis
|
0-0: Ball 1-0: Ball 2-0: Swinging Strike 2-1: Foul Ball, location: 2F 2-2: Strikes out swinging
|
Bottom of the 7th over - 0 runs, 0 hits, 0 errors, 0 left on base; Santa Anna 6 - Clearwater 8 |
TOP OF THE 8TH |
Santa Anna Dukes batting - Pitching for Clearwater Crab People : RHP Bobby Brooks
|
Batting: RHB Eric Hillman
|
0-0: Ball 1-0: Ground out 5-3 (Groundball, 56)
|
Batting: RHB José Germán
|
0-0: Called Strike 0-1: Called Strike 0-2: Ball 1-2: Ball 2-2: SINGLE (Line Drive, 89S)
|
Batting: RHB Bob Vaughn
|
0-0: Ball 1-0: Grounds into double play, 5-4-3 (Groundball, 56)
|
Top of the 8th over - 0 runs, 1 hit, 0 errors, 0 left on base; Santa Anna 6 - Clearwater 8 |
BOTTOM OF THE 8TH |
Clearwater Crab People batting - Pitching for Santa Anna Dukes : RHP Tony Morán
|
Batting: LHB Carl Coffman
|
0-0: Ball 1-0: SINGLE (Groundball, 6D)
|
Batting: RHB Brandon Davis
|
0-0: Ball 1-0: Ball 2-0: Foul Ball, location: 2F 2-1: Ball 3-1: Foul Ball, location: 2F 3-2: 2-RUN HOME RUN (Flyball, 89XD), Distance : 428 ft
|
Batting: RHB Karl Stone
|
0-0: Ball 1-0: Swinging Strike 1-1: Called Strike 1-2: Ground out 6-3 (Groundball, 6D)
|
Batting: RHB Juan Carlos Cruz
|
0-0: SINGLE (Groundball, 56D)
|
Batting: RHB Bud Manning
|
0-0: Called Strike 0-1: Ball 1-1: Fly out, F8 (Flyball, 8LS)
|
Batting: RHB Gerald Hayes
|
0-0: Ball 1-0: Ball 2-0: Called Strike 2-1: Called Strike 2-2: DOUBLE (Line Drive, 78D) Juan Carlos Cruz to third Runner from 3rd tries for Home, SAFE, no throw
|
Batting: RHB Bill Cross
|
0-0: Ball 1-0: Swinging Strike 1-1: Fly out, F7 (Flyball, 7)
|
Bottom of the 8th over - 3 runs, 4 hits, 0 errors, 1 left on base; Santa Anna 6 - Clearwater 11 |
TOP OF THE 9TH |
Santa Anna Dukes batting - Pitching for Clearwater Crab People : RHP Bobby Brooks
|
Now at 1B: Sam Robinson
|
|
Now at 3B: Palmer Frazier
|
|
Now at SS: Daniele Boccanera
|
|
Now in RF: Pedro Villarreal
|
|
Batting: RHB Julián García
|
0-0: Ball 1-0: Ball 2-0: Ball 3-0: Foul Ball, location: 2F 3-1: Called Strike 3-2: Foul Ball, location: 2F 3-2: Foul Ball, location: 2F 3-2: Strikes out swinging, 2-3 out at first.
|
Batting: RHB Jon Hinton
|
0-0: Ball 1-0: Ball 2-0: Called Strike 2-1: Called Strike 2-2: Strikes out swinging
|
Batting: LHB Luis Miguel Martínez
|
0-0: Ground out 4-3 (Groundball, 4)
|
Top of the 9th over - 0 runs, 0 hits, 0 errors, 0 left on base; Santa Anna 6 - Clearwater 11 |
|